 Dungeon Crawl Stone Soup version 0.25-a0-589-g1e14c549ee (webtiles) character file.

Game seed: 10852081717904128052, levelgen mode: deterministic

742 Kohma the Chiller (level 7, 0/52 HPs)
             Began as a Demonspawn Ice Elementalist on Mar 11, 2020.
             Killed by divine providence
             ... invoked by an orc priest
              (15 damage)
             ... on level 5 of the Dungeon.
             The game lasted 00:10:08 (4193 turns).

Kohma the Chiller (Demonspawn Ice Elementalist)     Turns: 4193, Time: 00:10:08

Health: 0/52       AC:  6    Str: 10    XL:     7   Next: 47%
Magic:  1/11       EV: 11    Int: 17    God:
Gold:   159        SH:  0    Dex: 13    Spells: 8/12 levels left

rFire    + . .     SeeInvis .   e - +0 short sword
rCold    . . .     Gourm    .   (no shield)
rNeg     . . .     Faith    .   r - +0 ring mail {rF+}
rPois    .         Spirit   .   (helmet restricted)
rElec    .         Reflect  .   (no cloak)
rCorr    .         Harm     .   (no gloves)
MR       .....                  (no boots)
Stlth    +++.......             (no amulet)
HPRegen  0.17/turn              (no ring)
MPRegen  0.12/turn              (no ring)

@: drained
A: horns 2, rugged brown scales 1, nightstalker 2
a: no special abilities


You were on level 5 of the Dungeon.
You were hungry.

You visited 1 branch of the dungeon, and saw 4 of its levels.

You collected 159 gold pieces.

Inventory:

Hand Weapons
 e - a +0 short sword (weapon)
Missiles
 d - 47 sling bullets
 j - 2 throwing nets (quivered)
 q - 5 poisoned darts
Armour
 a - a +0 robe
 r - a +0 ring mail of fire resistance (worn)
Jewellery
 i - an uncursed ring of flight {unknown}
 o - an uncursed ring of magical power {unknown}
Wands
 s - a wand of digging (5)
Scrolls
 b - 7 scrolls of identify {unknown}
 f - a scroll of remove curse {unknown}
 k - a scroll of magic mapping {unknown}
 p - 2 scrolls of teleportation {unknown}
 u - a scroll of fog {unknown}
 v - a scroll of enchant armour {unknown}
Potions
 g - 2 potions of lignification {unknown}
 h - a potion of ambrosia {unknown}
 l - a potion of brilliance {unknown}
 m - a potion of degeneration {unknown}
 n - 2 potions of haste {unknown}
Comestibles
 c - 5 rations
 t - 2 chunks of flesh


   Skills:
 + Level 2.4(1.8) Fighting
 * Level 3.2(2.6) Short Blades
 - Level 3.1(2.4) Dodging
 + Level 2.3(1.7) Stealth
 - Level 3.1(2.5) Spellcasting
 - Level 6.0(5.4) Ice Magic


You had 8 spell levels left.
You knew the following spells:

 Your Spells              Type           Power        Failure   Level  Hunger
a - Freeze                Ice            ###.         5%          1    #......
b - Frozen Ramparts       Ice            ###...       16%         3    ###....

Your spell library contained the following spells:

 Spells                   Type           Power        Failure   Level  Hunger
 Ozocubu's Armour         Chrm/Ice       ##......     43%         3    ###....
 Hailstorm                Conj/Ice       ##......     83%         4    #####..
 Summon Ice Beast         Ice/Summ       ##......     83%         4    #####..


Dungeon Overview and Level Annotations

Branches:
Dungeon (3/15)

Altars:
Fedhas
Gozag
The Shining One

Annotations:
D:2 exclusion: oklob plant


Innate Abilities, Weirdness & Mutations

You have a pair of horns on your head.
You are partially covered in rugged brown scales. (AC +1, +3% HP)
You are significantly more attuned to the shadows.


Message History

The orc priest is heavily wounded.
The orc priest barely misses you.
The orc wizard sings a few bars from the Orcish anthem.
You hit the orc priest but do no damage.
The orc priest is heavily wounded.
An orc comes into view. It is wielding a +0 dagger.
The orc priest mumbles some strange prayers to Beogh against you.
Beogh smites you!
* * * LOW HITPOINT WARNING * * *
Some of the chunks of flesh in your inventory have rotted away.
Casting: Freeze (safe; 5% risk of failure)
Confirm with . or Enter, or press ? or * to list all spells.
Aiming: Freeze (safe; 5% risk of failure)
Press: ? - help, Shift-Dir - straight line, f - orc priest
Aim: an orc priest, wielding a +0 mace and wearing a +0 chain mail (heavily wounded)
You freeze the orc priest.
The orc priest is almost dead.
The orc priest calls down the wrath of Beogh upon you.
Beogh smites you!
You die...

#.....§.. .
#.....o#
...#......#
......o.%.#
..w#.#o#### .
#.#.# #.o.#
####..o########
.......))oo@..#
###..###.###.#
#....o.o.....
#..##..........
#..÷....##.##.#
#.........># .#
#.....#.#
#.....# #
#.....#


You could see an orc priest, an orc wizard and 2 orcs.

Vanquished Creatures
  Sigmund (D:2)
  An ogre (D:5)
  A centaur skeleton (D:2)
  A jelly (D:5)
  An orc wizard (D:5)
  3 orc priests
  2 hounds (D:5)
  Jessica (D:2)
  A worker ant (D:3)
  4 gnolls (D:3)
  7 adders
  4 worms
  2 dart slugs
  2 leopard geckos
  9 orcs
  A ball python (D:1)
  2 giant cockroaches
  5 goblins
  5 hobgoblins
  10 jackals
  A quokka (D:3)
  14 bats
  5 frilled lizards
  17 kobolds
  7 rats
107 creatures vanquished.

Notes
Turn   | Place    | Note
-------+----------+-------------------------------------------
     0 | D:1      | Kohma the Demonspawn Ice Elementalist began the quest for
                  | the Orb.
     0 | D:1      | Reached XP level 1. HP: 13/13 MP: 3/3
    46 | D:1      | Found a glowing golden altar of the Shining One.
   434 | D:1      | Gained mutation: You have a pair of small horns on your
                  | head. [demonic ancestry]
   434 | D:1      | Reached XP level 2. HP: 19/19 MP: 3/5
   624 | D:1      | Reached skill level 4 in Ice Magic
  1073 | D:1      | Gained mutation: You are partially covered in rugged brown
                  | scales. (AC +1, +3% HP) [demonic ancestry]
  1073 | D:1      | Reached XP level 3. HP: 16/24 MP: 3/6
  1078 | D:1      | Learned a level 3 spell: Frozen Ramparts
  1699 | D:2      | Noticed Jessica
  1704 | D:2      | Killed Jessica
  1704 | D:2      | Gained mutation: You are slightly more attuned to the
                  | shadows. [demonic ancestry]
  1704 | D:2      | Reached XP level 4. HP: 30/30 MP: 3/7
  1985 | D:2      | Found a blossoming altar of Fedhas.
  1998 | D:2      | Noticed an oklob plant
  2050 | D:2      | Noticed Sigmund
  2153 | D:2      | Killed Sigmund
  2153 | D:2      | Reached skill level 1 in Short Blades
  2153 | D:2      | Reached skill level 5 in Ice Magic
  2153 | D:2      | Gained mutation: You are significantly more attuned to the
                  | shadows. [demonic ancestry]
  2153 | D:2      | Reached XP level 5. HP: 29/36 MP: 5/9
  2454 | D:2      | Reached XP level 6. HP: 19/42 MP: 3/10
  3548 | D:3      | Reached skill level 1 in Fighting
  3982 | D:3      | Found an opulent altar of Gozag.
  4031 | D:3      | You fall into a shaft and drop 2 floors!
  4031 | D:5      | Entered Level 5 of the Dungeon
  4048 | D:5      | Reached skill level 6 in Ice Magic
  4048 | D:5      | Gained mutation: You have a pair of horns on your head.
                  | [demonic ancestry]
  4048 | D:5      | Reached XP level 7. HP: 50/50 MP: 5/11
  4193 | D:5      | Killed from afar by an orc priest

Levels and vault maps discovered:
D:1:      tarquinn_simple_flora_water_d, layout_basic, tso_altar
D:2:      layout_loops_ring, first_ration, tgw_fedhas, uniq_jessica,
          uniq_sigmund
D:3:      layout_basic, grunt_gozag_breadcrumbs
D:5:      minmay_inner_zag, layout_loops_cross, old_standard_altar,
          minmay_divided_ellipse

Skill      XL: |  1  2  3  4  5  6  7 |
---------------+----------------------+-----
Dodging        | 2 3 |  3.1
Ice Magic      | 4 5 6 |  6.0
Short Blades   | 1 2 3 |  3.2
Spellcasting   | 3 |  3.1
Fighting       | 1 2 |  2.4
Stealth        | 2 |  2.3

Action                   |  1- 3 |  4- 6 |  7- 9 || total
-------------------------+-------+-------+-------++-------
Melee: Unarmed           |     8 |       |       ||     8
       Short sword       |    20 |    53 |    23 ||    96
       Headbutt          |     3 |    10 |     3 ||    16
 Cast: Freeze            |    34 |    11 |     2 ||    47
       Frozen Ramparts   |     7 |    28 |     4 ||    39
 Stab: Sleeping          |       |     3 |       ||     3
  Eat: Chunk             |     4 |    10 |       ||    14
Armor: Robe              |    21 |     3 |       ||    24
       Ring mail         |       |     3 |     9 ||    12
Dodge: Dodged            |    51 |    38 |    16 ||   105

Table legend:
 A = Non-vault XP
 B = Vault XP
 C = Vault XP percentage of total XP
 D = Non-vault monster count
 E = Vault monster count
 F = Vault count percentage of total count
                 A         B        C        D         E       F
            +---------+---------+-------+---------+---------+-------
      Total |     804 |     257 |  24.2 |     105 |       2 |   1.9
            +---------+---------+-------+---------+---------+-------
        D:1 |      48 |       0 |   0.0 |      27 |       0 |   0.0
        D:2 |     146 |     257 |  63.8 |      26 |       2 |   7.1
        D:3 |     251 |       0 |   0.0 |      39 |       0 |   0.0
        D:5 |     359 |       0 |   0.0 |      13 |       0 |   0.0
            +---------+---------+-------+---------+---------+-------
